[Event "84th ESP-ch 2019"]
[Site "Marbella"]
[Date "2019.11.23"]
[Round "8.21"]
[White "Martin Hernandez, Ruben"]
[Black "Bernabeu Lopez, Carlos Javier"]
[Result "1/2-1/2"]
[ECO "E91"]
[WhiteElo "2206"]
[BlackElo "2366"]
[Annotator "ChessBase"]
[PlyCount "117"]
[EventDate "2019.11.16"]
[EventType "swiss"]
[EventCountry "ESP"]
[SourceTitle "playchess.com"]
[Source "ChessBase"]
[SourceQuality "1"]
[TimeControl "5400+30"]

1. e4 g6 2. d4 Bg7 3. c4 d6 4. Nc3 Nf6 5. Be2 O-O 6. Nf3 Bg4 7. Be3 Nfd7 8. Ng1 Bxe2 9. Ngxe2 c5 10. O-O cxd4 11. Bxd4 Bxd4 12. Nxd4 Nc6 13. b3 a5 14. Qd2 Nc5 15. Rfd1 Ne5 16. f4 Ned3 17. Qe3 Nb4 18. a3 Nxb3 19. Nxb3 Nc2 20. Qf2 Nxa1 21. Rxa1 Rc8 22. Nd2 Rc5 23. Rb1 Qc8 24. Nd5 Re8 25. f5 b5 26. f6 bxc4 27. fxe7 Rxd5 28. exd5 Rxe7 29. Qd4 c3 30. Rc1 c2 31. Nf3 Qf5 32. Qd2 Rc7 33. Qxa5 Rc5 34. Qd2 Qe4 35. Kf1 Qc4+ 36. Qe2 Qb3 37. h3 Qb2 38. Qd2 Rxd5 39. Qxc2 Qxa3 40. Qc8+ Kg7 41. Qc3+ Qxc3 42. Rxc3 Kf6 43. Ke2 Ra5 44. Rd3 Ra6 45. g4 h6 46. Ke3 Ke6 47. Kf4 Kf6 48. h4 Ra4+ 49. Rd4 Ra6 50. Nd2 Ke6 51. Nc4 Rc6 52. Re4+ Kf6 53. Ne3 Rc5 54. Re8 Ra5 55. Rh8 Kg7 56. Rd8 Ra4+ 57. Kf3 Rd4 58. Re8 h5 59. gxh5 1/2-1/2

[Event "84th ESP-ch 2019"]
[Site "Marbella"]
[Date "2019.11.23"]
[Round "8.22"]
[White "Perez Garcia, Alejandro"]
[Black "Garcia Vicente, Nieves"]
[Result "1-0"]
[ECO "A13"]
[WhiteElo "2343"]
[BlackElo "2175"]
[Annotator "ChessBase"]
[PlyCount "87"]
[EventDate "2019.11.16"]
[EventType "swiss"]
[EventCountry "ESP"]
[SourceTitle "playchess.com"]
[Source "ChessBase"]
[SourceQuality "1"]
[TimeControl "5400+30"]

1. c4 e6 2. g3 d5 3. Bg2 Nf6 4. Nf3 dxc4 5. Qa4+ Nbd7 6. Qxc4 a6 7. Qb3 Be7 8. O-O O-O 9. d4 c5 10. Rd1 Qb6 11. Qxb6 Nxb6 12. Nc3 h6 13. dxc5 Bxc5 14. Bf4 Nbd5 15. Nxd5 Nxd5 16. Rac1 Nxf4 17. Rxc5 Nxg2 18. Kxg2 Re8 19. Ne5 f6 20. Nd7 e5 21. Rc7 b5 22. Rd6 Kh8 23. Nc5 a5 24. e4 Rb8 25. f4 exf4 26. gxf4 Bg4 27. f5 Rec8 28. Rdd7 Rxc7 29. Rxc7 Be2 30. b3 Rd8 31. Ne6 Rg8 32. Nf4 Bd1 33. Rc1 Rd8 34. Kf2 h5 35. Ne6 Rd2+ 36. Ke3 Rxh2 37. Rxd1 Rxa2 38. Kf4 Rf2+ 39. Kg3 Rb2 40. Nf8 g5 41. Rd7 Rxb3+ 42. Kf2 Rc3 43. Nh7 Rc6 44. e5 1-0

[Event "84th ESP-ch 2019"]
[Site "Marbella"]
[Date "2019.11.23"]
[Round "8.24"]
[White "Guerra Rivera, Salvador"]
[Black "Ramirez Diaz, Jose Ramon"]
[Result "1-0"]
[ECO "B09"]
[WhiteElo "2334"]
[BlackElo "2171"]
[Annotator "NA"]
[PlyCount "71"]
[EventDate "2019.11.16"]
[EventType "swiss"]
[EventCountry "ESP"]
[SourceTitle "playchess.com"]
[Source "ChessBase"]
[SourceQuality "1"]
[TimeControl "5400+30"]

1. e4 d6 2. d4 Nf6 3. Nc3 g6 4. f4 Bg7 5. Nf3 c5 6. Bb5+ Bd7 7. e5 Ng4 8. e6 fxe6 9. Ng5 Bxb5 10. Nxe6 Bxd4 11. Nxb5 Qa5+ 12. Qd2 Bf2+ 13. Kd1 Ne3+ 14. Ke2 Qxb5+ 15. Kxf2 Ng4+ 16. Kg3 Kd7 17. Re1 Nf6 18. b3 Na6 19. Bb2 Rhg8 20. Bxf6 exf6 21. Rad1 Qc6 22. Qc3 f5 23. Ng5 Rae8 24. Nf7 Kc7 25. Rxd6 Qb5 26. Rde6 Rxe6 27. Rxe6 Kb8 28. Qe5+ Nc7 29. Re7 Qc6 30. Ng5 b6 31. Ne6 Rc8 32. Nxc7 Rxc7 33. Rxh7 Kb7 34. Rxc7+ Qxc7 35. Qxc7+ Kxc7 36. Kh4 1-0

[Event "84th ESP-ch 2019"]
[Site "Marbella"]
[Date "2019.11.23"]
[Round "8.25"]
[White "Zurano Lopez, Pedro"]
[Black "Jaime Montalvan, Luis Felipe"]
[Result "1-0"]
[ECO "A04"]
[WhiteElo "2292"]
[BlackElo "2167"]
[Annotator "NA"]
[PlyCount "51"]
[EventDate "2019.11.16"]
[EventType "swiss"]
[EventCountry "ESP"]
[SourceTitle "playchess.com"]
[Source "ChessBase"]
[SourceQuality "1"]
[TimeControl "5400+30"]

1. Nf3 b6 2. e4 Bb7 3. Nc3 c5 4. d4 cxd4 5. Nxd4 a6 6. Be3 d6 7. Bc4 e6 8. a4 Nf6 9. f3 Nbd7 10. O-O Ne5 11. Bxe6 fxe6 12. Nxe6 Qd7 13. Nd5 Bxd5 14. exd5 Qb7 15. f4 Ned7 16. c4 Kf7 17. g4 Nc5 18. g5 Nxe6 19. dxe6+ Kxe6 20. gxf6 gxf6 21. f5+ Kf7 22. Qh5+ Ke7 23. Rae1 Rg8+ 24. Bg5+ Kd8 25. Qe8+ Kc7 26. Qf7+ {Kd7} 1-0

[Event "84th ESP-ch 2019"]
[Site "Marbella"]
[Date "2019.11.23"]
[Round "8.27"]
[White "Guillo Longares, Cecilia"]
[Black "Martinez Piqueras, Carlos"]
[Result "0-1"]
[ECO "E11"]
[WhiteElo "2100"]
[BlackElo "2206"]
[Annotator "ChessBase"]
[PlyCount "62"]
[EventDate "2019.11.16"]
[EventType "swiss"]
[EventCountry "ESP"]
[SourceTitle "playchess.com"]
[Source "ChessBase"]
[SourceQuality "1"]
[TimeControl "5400+30"]

1. d4 Nf6 2. c4 e6 3. Nf3 Bb4+ 4. Bd2 c5 5. dxc5 Bxc5 6. b4 Be7 7. g3 Ne4 8. a3 Bf6 9. Ra2 d5 10. cxd5 Qxd5 11. Rc2 Bd7 12. Qc1 O-O 13. Bg2 Ba4 14. Rc8 Nd7 15. Rxf8+ Rxf8 16. O-O Nb6 17. Ng5 Bxg5 18. Bxg5 Bc6 19. Qc2 Qf5 20. Be3 Nxg3 21. Rc1 Bxg2 22. Kxg2 Ne4 23. f3 Qg6+ 24. Kf1 Nd5 25. Bxa7 f5 26. Bc5 Nxc5 27. Qxc5 f4 28. Qf2 Ne3+ 29. Ke1 Qf6 30. Qg1 Rd8 31. Kf2 Qh4+ 0-1

[Event "84th ESP-ch 2019"]
[Site "Marbella"]
[Date "2019.11.23"]
[Round "8.28"]
[White "Rodriguez Reinoso, Victoriano"]
[Black "Hernando Rodrigo, Inmaculada"]
[Result "1-0"]
[ECO "A10"]
[WhiteElo "2204"]
[BlackElo "1863"]
[Annotator "NA"]
[PlyCount "43"]
[EventDate "2019.11.16"]
[EventType "swiss"]
[EventCountry "ESP"]
[SourceTitle "playchess.com"]
[Source "ChessBase"]
[SourceQuality "1"]
[TimeControl "5400+30"]

1. c4 g6 2. g3 Bg7 3. Bg2 e5 4. Nc3 Ne7 5. Nf3 c6 6. d4 exd4 7. Nxd4 Qb6 8. Nb3 Qb4 9. Qd3 d5 10. cxd5 cxd5 11. O-O Bf5 12. Nxd5 Bxd3 13. Nxb4 Bxe2 14. Re1 a5 15. Nd5 Nxd5 16. Bxd5 a4 17. Rxe2+ Kd7 18. Nc5+ Kd6 19. Bxb7 Ra7 20. Bf4+ Kxc5 21. Be3+ Bd4 22. Rc1+ 1-0

[Event "84th ESP-ch 2019"]
[Site "Marbella"]
[Date "2019.11.23"]
[Round "8.29"]
[White "Rodriguez Redondo, Adhara"]
[Black "Romero Calduch, Sergio"]
[Result "0-1"]
[ECO "B10"]
[WhiteElo "2199"]
[BlackElo "2130"]
[Annotator "ChessBase"]
[PlyCount "84"]
[EventDate "2019.11.16"]
[EventType "swiss"]
[EventCountry "ESP"]
[SourceTitle "playchess.com"]
[Source "ChessBase"]
[SourceQuality "1"]
[TimeControl "5400+30"]

1. e4 c6 2. Nf3 d5 3. exd5 cxd5 4. Ne5 Qb6 5. d4 Nc6 6. Nxc6 bxc6 7. c3 a5 8. Bd3 Ba6 9. O-O Bxd3 10. Qxd3 Nf6 11. Nd2 e6 12. Nf3 a4 13. Rb1 Bd6 14. Ne5 c5 15. dxc5 Bxc5 16. b4 Bd6 17. Be3 Qc7 18. Qb5+ Nd7 19. Nxd7 Qxd7 20. Qd3 Rc8 21. g3 O-O 22. f4 Rc4 23. Bd4 Rfc8 24. Rf3 Bb8 25. Qe3 f6 26. Rbf1 Bd6 27. Qd2 e5 28. fxe5 fxe5 29. Bf2 d4 30. cxd4 Bxb4 31. Qg5 exd4 32. Rf5 Be7 33. Qg4 Bf6 34. Qf3 Rc1 35. Rxc1 Rxc1+ 36. Kg2 Qc6 37. Rd5 Rc3 38. Qe4 Rc5 39. Rxd4 Bxd4 40. Qxc6 Rxc6 41. Bxd4 Rc2+ 42. Kf3 Rxa2 0-1

[Event "84th ESP-ch 2019"]
[Site "Marbella"]
[Date "2019.11.23"]
[Round "8.30"]
[White "Sanjuan Garcia, Miguel"]
[Black "Martin Carmona, Gaston Manuel"]
[Result "1-0"]
[ECO "B75"]
[WhiteElo "2021"]
[BlackElo "2304"]
[Annotator "ChessBase"]
[PlyCount "101"]
[EventDate "2019.11.16"]
[EventType "swiss"]
[EventCountry "ESP"]
[SourceTitle "playchess.com"]
[Source "ChessBase"]
[SourceQuality "1"]
[TimeControl "5400+30"]

1. e4 c5 2. Nf3 d6 3. d4 Nf6 4. Nc3 cxd4 5. Nxd4 g6 6. Be3 Bg7 7. f3 Nc6 8. Bc4 O-O 9. Bb3 Bd7 10. h4 h5 11. Qd2 Rc8 12. O-O-O Ne5 13. Bg5 Rc5 14. g4 hxg4 15. h5 Nxh5 16. Nd5 Re8 17. fxg4 Bxg4 18. Rdg1 Rxd5 19. Bxd5 Qb6 20. c3 e6 21. Bb3 Rc8 22. Kb1 a5 23. Rxg4 Nxg4 24. Nxe6 Ne5 25. Nxg7 Kxg7 26. Be3 Qc6 27. Bd5 Qd7 28. Bd4 Qe7 29. c4 a4 30. Qb4 Nf4 31. Qd2 Qf6 32. Qh2 Nh5 33. c5 Rxc5 34. Bxc5 dxc5 35. Bxb7 Nd3 36. a3 c4 37. Qd2 Nhf4 38. Bd5 Nxd5 39. exd5 Qf3 40. Qh6+ Kf6 41. Qh4+ Ke5 42. Qe7+ Kd4 43. Rh4+ Nf4 44. Qf6+ Kc5 45. Qxf4 Qd1+ 46. Qc1 Qxd5 47. Rh8 f5 48. Rc8+ Kb5 49. Rb8+ Kc5 50. Qe3+ Kc6 51. Qb6+ 1-0

[Event "84th ESP-ch 2019"]
[Site "Marbella"]
[Date "2019.11.23"]
[Round "8.31"]
[White "Roman Lopez, Jesus"]
[Black "Silva Lucena, Cristian"]
[Result "0-1"]
[ECO "C55"]
[WhiteElo "1993"]
[BlackElo "2244"]
[Annotator "NA"]
[PlyCount "68"]
[EventDate "2019.11.16"]
[EventType "swiss"]
[EventCountry "ESP"]
[SourceTitle "playchess.com"]
[Source "ChessBase"]
[SourceQuality "1"]
[TimeControl "5400+30"]

1. e4 e5 2. Nf3 Nc6 3. Bc4 Nf6 4. d3 h6 5. c3 d6 6. h3 g6 7. Be3 Bg7 8. Bb3 d5 9. exd5 Nxd5 10. Qe2 O-O 11. O-O Kh7 12. Na3 f5 13. Rad1 Be6 14. Rfe1 Qf6 15. Bc1 Rae8 16. Nc4 Bf7 17. Ba4 e4 18. Nd4 Nxd4 19. cxd4 exd3 20. Qxd3 Rxe1+ 21. Rxe1 Qa6 22. Bb3 Nb4 23. Qd2 Nxa2 24. Bxa2 Qxa2 25. Ne5 Qd5 26. Re3 Rd8 27. Nxf7 Qxf7 28. Qb4 Rxd4 29. Re7 Rxb4 30. Rxf7 Rc4 31. Bd2 Kg8 32. Rd7 Rd4 33. Rxg7+ Kxg7 34. Bc3 c5 0-1

[Event "84th ESP-ch 2019"]
[Site "Marbella"]
[Date "2019.11.23"]
[Round "8.32"]
[White "Hernandez Roldan, Miguel"]
[Black "Medina Romero, Jose"]
[Result "1/2-1/2"]
[ECO "B06"]
[WhiteElo "2229"]
[BlackElo "2083"]
[Annotator "ChessBase"]
[PlyCount "189"]
[EventDate "2019.11.16"]
[EventType "swiss"]
[EventCountry "ESP"]
[SourceTitle "playchess.com"]
[Source "ChessBase"]
[SourceQuality "1"]
[TimeControl "5400+30"]

1. e4 g6 2. d4 Bg7 3. Nc3 c6 4. Bc4 d5 5. exd5 b5 6. Bb3 b4 7. Nce2 cxd5 8. a3 bxa3 9. Rxa3 Nf6 10. Nf3 O-O 11. O-O Nc6 12. Ne5 Bb7 13. Nd3 Qb6 14. c3 Rfd8 15. Nef4 Rac8 16. Ba2 Ba6 17. Re1 Bc4 18. Be3 Bxa2 19. Rxa2 e6 20. Nc5 a5 21. Nfd3 h6 22. Qd2 Kh7 23. Rea1 Ra8 24. Bf4 Ne4 25. Qc2 Nxc5 26. Nxc5 e5 27. Na4 Qc7 28. dxe5 Nb4 29. e6 Qc6 30. Qb3 Nxa2 31. exf7 Nxc3 32. bxc3 Qf6 33. Bc7 Rf8 34. Qxd5 Rxf7 35. Bb6 Re8 36. Qxa5 Rfe7 37. Be3 h5 38. Rf1 Bh6 39. Bd4 Qc6 40. Nb6 Bg7 41. Qd5 Qxd5 42. Nxd5 Re1 43. Nf6+ Bxf6 44. Bxf6 R8e6 45. Bd4 Rxf1+ 46. Kxf1 g5 47. g3 Kg6 48. h3 Kf5 49. Kg2 Re1 50. Kf3 Rg1 51. Be3 g4+ 52. hxg4+ hxg4+ 53. Ke2 Ke4 54. Kd2 Ra1 55. c4 Ra3 56. Bc5 Ra5 57. Bb6 Rf5 58. Kc3 Rf6 59. Be3 Rf7 60. Kb4 Kd3 61. Kb5 Ke4 62. Kc6 Rf6+ 63. Kd7 Rf7+ 64. Kd6 Rf6+ 65. Kc5 Rf5+ 66. Kb4 Rf8 67. Bf4 Kd4 68. Bd6 Rf6 69. Bc5+ Ke5 70. Kb5 Rg6 71. Ba7 Kd6 72. Bb8+ Kd7 73. Bf4 Rc6 74. Be5 Re6 75. Bf4 Rc6 76. Kb4 Rc8 77. Kc3 Ke6 78. Be3 Rd8 79. Bd4 Rd7 80. Kd3 Rc7 81. Be3 Rc8 82. Kd4 Rc7 83. c5 Ra7 84. Ke4 Ra4+ 85. Bd4 Rb4 86. Ke3 Kd5 87. Bg7 Re4+ 88. Kd3 Ra4 89. Bf8 Ra3+ 90. Ke2 Ra2+ 91. Ke3 Ra3+ 92. Ke2 Ra2+ 93. Ke3 Ra3+ 94. Ke2 Ra2+ 95. Ke3 1/2-1/2

[Event "84th ESP-ch 2019"]
[Site "Marbella"]
[Date "2019.11.23"]
[Round "8.33"]
[White "Rey Malde, Henrique"]
[Black "Aguado Doncel, Pablo Luis"]
[Result "1-0"]
[ECO "C24"]
[WhiteElo "2209"]
[BlackElo "2062"]
[Annotator "ChessBase"]
[PlyCount "85"]
[EventDate "2019.11.16"]
[EventType "swiss"]
[EventCountry "ESP"]
[SourceTitle "playchess.com"]
[Source "ChessBase"]
[SourceQuality "1"]
[TimeControl "5400+30"]

1. e4 e5 2. Bc4 Nf6 3. d3 c6 4. Nf3 d5 5. Bb3 Bd6 6. Nc3 d4 7. Ne2 O-O 8. O-O Nbd7 9. c3 c5 10. Ng3 b5 11. Nf5 Nb6 12. cxd4 cxd4 13. Bg5 a5 14. a3 a4 15. Ba2 Bxf5 16. exf5 Qd7 17. Bxf6 gxf6 18. Nh4 Rfc8 19. Rc1 b4 20. axb4 a3 21. bxa3 Rxa3 22. Rxc8+ Qxc8 23. Qg4+ Kf8 24. Bb1 Nd5 25. Qh5 Kg8 26. Qg4+ Kh8 27. Qh5 Qc7 28. b5 Nc3 29. b6 Qb7 30. Bc2 Qd5 31. Qh6 Be7 32. Bd1 Nxd1 33. Rxd1 Rb3 34. Rc1 Rc3 35. Rb1 Rxd3 36. Ng6+ fxg6 37. fxg6 Qg8 38. b7 Bf8 39. gxh7 Qb3 40. Qc1 Bd6 41. Rxb3 Rxb3 42. Qc8+ Kxh7 43. Qc2+ 1-0

[Event "84th ESP-ch 2019"]
[Site "Marbella"]
[Date "2019.11.23"]
[Round "8.34"]
[White "Lopez Guerrero, Jose Miguel"]
[Black "Represa Perez, Mireya"]
[Result "1/2-1/2"]
[ECO "B51"]
[WhiteElo "2085"]
[BlackElo "2189"]
[Annotator "ChessBase"]
[PlyCount "150"]
[EventDate "2019.11.16"]
[EventType "swiss"]
[EventCountry "ESP"]
[SourceTitle "playchess.com"]
[Source "ChessBase"]
[SourceQuality "1"]
[TimeControl "5400+30"]

1. e4 c5 2. Nf3 d6 3. Bb5+ Nd7 4. a4 Ngf6 5. Qe2 a6 6. Bd3 b6 7. b3 Bb7 8. Bb2 e6 9. Na3 Be7 10. g4 e5 11. O-O-O Nf8 12. Ne1 Ne6 13. f3 Nd4 14. Qf1 Qc7 15. Ng2 d5 16. g5 Nh5 17. exd5 Bxd5 18. Bxa6 Bxg5 19. Nb5 Qd8 20. Nxd4 cxd4 21. Bb5+ Kf8 22. Rg1 g6 23. Qe2 Qc7 24. Kb1 Rc8 25. c4 Be6 26. Rde1 f6 27. Ka2 Bh3 28. Rc1 Kg7 29. Ba3 d3 30. Qf2 Bxg2 31. Rxg2 Nf4 32. Rxg5 fxg5 33. Qe3 Rhd8 34. Bb2 Kf6 35. h4 h6 36. Re1 Ne2 37. b4 Qd6 38. Ka1 Rc7 39. hxg5+ hxg5 40. a5 Re7 41. Qxb6 Qxb6 42. axb6 Nd4 43. Bxd4 Rxd4 44. Rb1 e4 45. fxe4 Rexe4 46. b7 Rd8 47. c5 Ke7 48. Rb3 Red4 49. Bxd3 Kd7 50. Bxg6 Kc7 51. d3 Kxb7 52. Be4+ Kb8 53. Kb2 g4 54. Kc3 R4d7 55. b5 g3 56. Rb2 Rg7 57. b6 Rdg8 58. Ra2 Kc8 59. c6 Kd8 60. Bg2 Ke7 61. Ra4 Kd6 62. Rc4 Rc8 63. b7 Rf8 64. Ra4 Kc7 65. d4 Re7 66. Kd3 Re1 67. d5 Rd1+ 68. Kc2 Rg1 69. d6+ Kxd6 70. Rd4+ Kc7 71. Rd7+ Kb6 72. Rd2 Kc7 73. Rd7+ Kb6 74. Rd2 Kc7 75. Rd7+ Kb6 1/2-1/2

[Event "84th ESP-ch 2019"]
[Site "Marbella"]
[Date "2019.11.23"]
[Round "8.35"]
[White "Antonano Fedz-Quincoces, Avelino"]
[Black "Donado-Mazarron Gomez, Miguel"]
[Result "1/2-1/2"]
[ECO "B91"]
[WhiteElo "2021"]
[BlackElo "2171"]
[Annotator "ChessBase"]
[PlyCount "69"]
[EventDate "2019.11.16"]
[EventType "swiss"]
[EventCountry "ESP"]
[SourceTitle "playchess.com"]
[Source "ChessBase"]
[SourceQuality "1"]
[TimeControl "5400+30"]

1. e4 c5 2. Nf3 d6 3. d4 cxd4 4. Nxd4 Nf6 5. Nc3 a6 6. g3 e5 7. Nb3 Nbd7 8. a4 b6 9. Bg2 Bb7 10. O-O Rc8 11. Re1 Rc7 12. Bg5 Be7 13. Nd2 Qa8 14. Nf1 Rxc3 15. Bxf6 Nxf6 16. bxc3 Nxe4 17. Ne3 d5 18. Bxe4 dxe4 19. Nf5 Qb8 20. Nxe7 Kxe7 21. Qg4 g6 22. Rad1 Qc7 23. Rd2 Qc6 24. Red1 Bc8 25. Qh4+ f6 26. Qh6 Kf7 27. Rd8 Rxd8 28. Qxh7+ Ke6 29. Rxd8 e3 30. g4 e2 31. Qg8+ Ke7 32. Qf8+ Ke6 33. Qg8+ Ke7 34. Qf8+ Ke6 35. Qg8+ 1/2-1/2

[Event "84th ESP-ch 2019"]
[Site "Marbella"]
[Date "2019.11.23"]
[Round "8.36"]
[White "Vega Gutierrez, Belinda"]
[Black "Hernandez Perez, Jesus"]
[Result "1/2-1/2"]
[ECO "C10"]
[WhiteElo "2161"]
[BlackElo "1956"]
[Annotator "ChessBase"]
[PlyCount "64"]
[EventDate "2019.11.16"]
[EventType "swiss"]
[EventCountry "ESP"]
[SourceTitle "playchess.com"]
[Source "ChessBase"]
[SourceQuality "1"]
[TimeControl "5400+30"]

1. e4 e6 2. d4 d5 3. Nc3 dxe4 4. Nxe4 Bd7 5. Nf3 Bc6 6. Bd3 Nd7 7. O-O Ngf6 8. Ng3 Bxf3 9. Qxf3 c6 10. b3 Be7 11. Bb2 O-O 12. c4 Qa5 13. Rfe1 Ba3 14. Bc3 Bb4 15. Ne2 Bxc3 16. Nxc3 Rfd8 17. Rad1 Qc7 18. Bc2 Nf8 19. h4 Qa5 20. Re5 Qc7 21. h5 Rxd4 22. Rde1 h6 23. g3 Rad8 24. Bb1 N8h7 25. Kg2 Rd2 26. R1e3 R8d4 27. Ne2 Rd8 28. Nc3 Rb2 29. Re1 Rdd2 30. R5e2 Ng5 31. Qe3 Qd6 32. Qxa7 Rxe2 1/2-1/2

[Event "84th ESP-ch 2019"]
[Site "Marbella"]
[Date "2019.11.23"]
[Round "8.37"]
[White "Perez Guerra, Alberto"]
[Black "Guadamuro Torrente, Anabel"]
[Result "0-1"]
[ECO "A20"]
[WhiteElo "1988"]
[BlackElo "2145"]
[Annotator "ChessBase"]
[PlyCount "90"]
[EventDate "2019.11.16"]
[EventType "swiss"]
[EventCountry "ESP"]
[SourceTitle "playchess.com"]
[Source "ChessBase"]
[SourceQuality "1"]
[TimeControl "5400+30"]

1. c4 e5 2. g3 Nf6 3. Bg2 Bc5 4. Nc3 Nc6 5. e3 O-O 6. Nge2 Re8 7. d3 Bf8 8. O-O d6 9. Rb1 a5 10. a3 Ne7 11. e4 c6 12. Bg5 Ng6 13. d4 h6 14. Bxf6 Qxf6 15. d5 h5 16. h4 Bg4 17. Qd3 Be7 18. Qe3 c5 19. Kh2 b6 20. Ng1 Nf8 21. Bh3 Nh7 22. f3 Bxh3 23. Nxh3 Qg6 24. Nb5 Bd8 25. Rbe1 a4 26. Rg1 Rf8 27. Re2 f5 28. exf5 Qxf5 29. Nxd6 Qxf3 30. Qxf3 Rxf3 31. Kg2 Rb3 32. Rf1 Bf6 33. Ne4 Rd8 34. Rf3 Rxf3 35. Kxf3 Nf8 36. Nhf2 Nd7 37. Nd1 Kf8 38. Ndc3 Ra8 39. Nxf6 gxf6 40. Ke4 Kf7 41. Kf5 Rg8 42. Re3 Rg4 43. Ne4 Nf8 44. Rc3 Ng6 45. d6 Nxh4+ 0-1

[Event "84th ESP-ch 2019"]
[Site "Marbella"]
[Date "2019.11.23"]
[Round "8.38"]
[White "Arroyo Rodriguez, Jesus"]
[Black "Ruiz Buendia, Miguel"]
[Result "1-0"]
[ECO "B76"]
[WhiteElo "2112"]
[BlackElo "1875"]
[Annotator "ChessBase"]
[PlyCount "75"]
[EventDate "2019.11.16"]
[EventType "swiss"]
[EventCountry "ESP"]
[SourceTitle "playchess.com"]
[Source "ChessBase"]
[SourceQuality "1"]
[TimeControl "5400+30"]

1. e4 c5 2. Nf3 d6 3. d4 cxd4 4. Nxd4 Nf6 5. Nc3 g6 6. Be3 Bg7 7. f3 O-O 8. Qd2 Nc6 9. O-O-O d5 10. Qe1 e5 11. Nxc6 bxc6 12. exd5 Nxd5 13. Bc5 Bh6+ 14. Kb1 Nxc3+ 15. bxc3 Qa5 16. Bxf8 Be6 17. c4 Rb8+ 18. Ka1 Qxe1 19. Rxe1 Bd2 20. a4 Bxe1 21. Ba3 Bb4 22. Bb2 f6 23. Bd3 Rb6 24. Ka2 c5 25. Rd1 Ra6 26. c3 Ba5 27. Ba3 Bxc3 28. Bxc5 Bd7 29. Bc2 Be6 30. Kb3 Ba5 31. Be4 Bf7 32. Rd7 f5 33. Bb7 Rf6 34. Bxa7 e4 35. Bd4 e3 36. Bxf6 e2 37. Bh4 g5 38. Bf2 1-0

[Event "84th ESP-ch 2019"]
[Site "Marbella"]
[Date "2019.11.23"]
[Round "8.39"]
[White "Perez Ramos, Juan Carlos"]
[Black "Pindado Campos, Raul"]
[Result "0-1"]
[ECO "A45"]
[WhiteElo "1888"]
[BlackElo "2100"]
[Annotator "ChessBase"]
[PlyCount "80"]
[EventDate "2019.11.16"]
[EventType "swiss"]
[EventCountry "ESP"]
[SourceTitle "playchess.com"]
[Source "ChessBase"]
[SourceQuality "1"]
[TimeControl "5400+30"]

1. d4 Nf6 2. Bf4 g6 3. e3 Bg7 4. Nf3 d6 5. h3 O-O 6. Be2 Nc6 7. c3 Nd7 8. Nbd2 e5 9. dxe5 Ndxe5 10. O-O h6 11. Bh2 Qe7 12. Re1 Bd7 13. Nd4 Nd8 14. Nc4 Nxc4 15. Bxc4 a6 16. Qd3 Kh7 17. Rad1 Re8 18. Bd5 Rb8 19. Qc4 Rc8 20. Qb3 Rb8 21. Qc4 Ne6 22. Bg3 b5 23. Qb3 Rb6 24. a3 a5 25. Qc2 Ng5 26. f3 c6 27. Ba2 c5 28. Nb3 a4 29. Nc1 Bxh3 30. Qd2 Be6 31. Bb1 d5 32. e4 dxe4 33. f4 Bg4 34. fxg5 Bxd1 35. gxh6 Bxh6 36. Qxd1 Qg5 37. Ne2 Rd8 38. Qc2 Rd3 39. Bf4 Qh4 40. Bxh6 Qxe1+ 0-1

[Event "84th ESP-ch 2019"]
[Site "Marbella"]
[Date "2019.11.23"]
[Round "8.41"]
[White "Maceira Moya, Nery"]
[Black "Collado Barbas, Laura"]
[Result "0-1"]
[ECO "A06"]
[WhiteElo "1773"]
[BlackElo "2142"]
[Annotator "NA"]
[PlyCount "56"]
[EventDate "2019.11.16"]
[EventType "swiss"]
[EventCountry "ESP"]
[SourceTitle "playchess.com"]
[Source "ChessBase"]
[SourceQuality "1"]
[TimeControl "5400+30"]

1. Nf3 d5 2. g3 Nf6 3. Bg2 e6 4. d4 c5 5. O-O Nc6 6. c3 Be7 7. Nbd2 O-O 8. Qc2 b6 9. e4 cxd4 10. e5 Nd7 11. cxd4 Nb4 12. Qb3 Ba6 13. Re1 Rc8 14. Rd1 Nc2 15. Rb1 Be2 16. Rf1 b5 17. a3 Qb6 18. Re1 Nxe1 19. Nxe1 Qxd4 20. Ndf3 Qe4 21. Ra1 Nc5 22. Qe3 Qxe3 23. Bxe3 Nb3 24. Rb1 Bc5 25. Bxc5 Rxc5 26. Bf1 Bxf3 27. Nxf3 Rfc8 28. Bd3 Rc1+ 0-1

[Event "84th ESP-ch 2019"]
[Site "Marbella"]
[Date "2019.11.23"]
[Round "8.42"]
[White "Diaz Mino, Pablo"]
[Black "Castellanos Bogalo, Antonio"]
[Result "1-0"]
[ECO "A51"]
[WhiteElo "2135"]
[BlackElo "1915"]
[Annotator "NA"]
[PlyCount "44"]
[EventDate "2019.11.16"]
[EventType "swiss"]
[EventCountry "ESP"]
[SourceTitle "playchess.com"]
[Source "ChessBase"]
[SourceQuality "1"]
[TimeControl "5400+30"]

1. d4 Nf6 2. c4 e5 3. dxe5 Ne4 4. a3 a5 5. b3 Nc6 6. Nf3 Bc5 7. e3 Qe7 8. Bb2 f6 9. exf6 Nxf6 10. Nc3 O-O 11. Nd5 Nxd5 12. Qxd5+ Kh8 13. Bd3 Qd6 14. Qg5 Rg8 15. O-O-O Bxa3 16. Bxh7 Bxb2+ 17. Kxb2 Qf6+ 18. Qxf6 gxf6 19. Bxg8 Kxg8 20. Nd4 Ne5 21. Nb5 a4 22. Nxc7 Rb8 1-0

[Event "84th ESP-ch 2019"]
[Site "Marbella"]
[Date "2019.11.24"]
[Round "9.1"]
[White "Ibarra Jerez, Jose Carlos"]
[Black "Salgado Lopez, Ivan"]
[Result "1/2-1/2"]
[ECO "A06"]
[WhiteElo "2540"]
[BlackElo "2594"]
[Annotator "ChessBase"]
[PlyCount "52"]
[EventDate "2019.11.16"]
[EventType "swiss"]
[EventCountry "ESP"]
[SourceTitle "playchess.com"]
[Source "ChessBase"]
[SourceQuality "1"]
[TimeControl "5400+30"]

1. Nf3 d5 2. g3 Bg4 3. Bg2 c6 4. O-O Nd7 5. h3 Bh5 6. d3 e6 7. e4 Ne5 8. Nbd2 Nxf3+ 9. Bxf3 Bxf3 10. Qxf3 Nf6 11. Re1 Be7 12. e5 Nd7 13. Qg4 O-O 14. Nf3 Kh8 15. Kg2 a5 16. h4 a4 17. Bd2 b5 18. Ng5 Qe8 19. a3 Ra6 20. Re3 c5 21. Rae1 Kg8 22. Nh3 Kh8 23. Nf4 Rg8 24. Nh3 Rf8 25. Nf4 Rg8 26. Nh3 Rf8 1/2-1/2

[Event "84th ESP-ch 2019"]
[Site "Marbella"]
[Date "2019.11.24"]
[Round "9.2"]
[White "Cuenca Jimenez, Jose Fernando"]
[Black "Perez Candelario, Manuel"]
[Result "0-1"]
[ECO "B09"]
[WhiteElo "2523"]
[BlackElo "2623"]
[Annotator "ChessBase"]
[PlyCount "126"]
[EventDate "2019.11.16"]
[EventType "swiss"]
[EventCountry "ESP"]
[SourceTitle "playchess.com"]
[Source "ChessBase"]
[SourceQuality "1"]
[TimeControl "5400+30"]

1. d4 d6 2. e4 Nf6 3. Nc3 g6 4. f4 Bg7 5. Nf3 O-O 6. e5 dxe5 7. fxe5 Nd5 8. Bc4 Be6 9. Bxd5 Bxd5 10. Nxd5 Qxd5 11. Qe2 f5 12. Be3 e6 13. c4 Qa5+ 14. Bd2 Qa6 15. b4 Qa4 16. h4 Nc6 17. Qd1 Qxd1+ 18. Rxd1 Rfd8 19. Bg5 Rd7 20. a3 h6 21. Be3 a6 22. Ke2 b5 23. Rc1 Ne7 24. Rhd1 c6 25. Bd2 Nc8 26. cxb5 cxb5 27. Rc6 Kf7 28. Rdc1 Ne7 29. Rc7 Ke8 30. R7c5 Bf8 31. g3 Nd5 32. Rc6 Kf7 33. Ra1 Raa7 34. Kd3 Rdc7 35. Rxc7+ Rxc7 36. Rc1 Rxc1 37. Bxc1 Ke8 38. Ne1 Kd7 39. Ng2 Kc6 40. Nf4 Nxf4+ 41. Bxf4 Kd5 42. Be3 Kc6 43. Bc1 h5 44. Bg5 Kd5 45. Be3 Be7 46. Bd2 Bd8 47. Bc1 a5 48. Be3 axb4 49. axb4 Be7 50. Bd2 Bf8 51. Kc3 Be7 52. Kd3 f4 53. gxf4 Bxh4 54. Ke3 g5 55. f5 exf5 56. Kf3 f4 57. Bc3 Bg3 58. Ke2 g4 59. Be1 f3+ 60. Kf1 Bxe1 61. Kxe1 h4 62. Kf2 h3 63. Kg3 Ke6 0-1